 Dungeon Crawl Stone Soup version 0.31.0-32-g396128a36d (webtiles) character file.

Game seed: 17085656949051783914

20 AdnanSaban the Trooper (level 2, -6/20 HPs)
             Began as a Gargoyle Fighter on Apr 11, 2024.
             Mangled by a gnoll
             ... wielding a +0 halberd
              (12 damage)
             ... on level 2 of the Dungeon.
             The game lasted 00:00:40 (797 turns).

AdnanSaban the Trooper (Gargoyle Fighter)            Turns: 797, Time: 00:00:42

Health: -6/20      AC:  9    Str: 19    XL:     2   Next: 79%
Magic:  2/2        EV:  5    Int:  8    God:
Gold:   60         SH:  0    Dex:  9    Spells: 1/1 levels left

rFire   . . .        a - +0 flail
rCold   . . .        c - +0 buckler
rNeg    + . .        b - +0 scale mail
rPois   ∞            (no helmet)
rElec   +            (no cloak)
rCorr   .            (no gloves)
SInv    .            (no boots)
Will    .....        (no amulet) Stlth
                     (no ring)
HPRegen 0.23/turn    (no ring)
MPRegen 0.08/turn

%: no passive effects
@: held
A: sickness immunity, AC +2, negative energy resistance 1, electricity
resistance, torment resistance 1, petrification resistance
a: no special abilities


You were on level 2 of the Dungeon.
You visited 1 branch of the dungeon, and saw 2 of its levels.

You collected 60 gold pieces.

Inventory:

Hand Weapons
 a - a +0 flail (weapon)
Missiles
 i - 6 boomerangs (quivered)
Armour
 b - a +0 scale mail (worn)
 c - a +0 buckler (worn)
Scrolls
 e - 2 scrolls of vulnerability {unknown}
 f - 2 scrolls of identify {unknown}
 g - a scroll of revelation {unknown}
 j - a scroll of silence {unknown}
 k - a scroll of enchant weapon {unknown}
Potions
 d - a potion of might
 h - a potion of lignification {unknown}


   Skills:
 + Level 3.6 Fighting
 + Level 2.3 Maces & Flails
 + Level 3.5 Armour
 + Level 3.5 Shields


You had one spell level left.
You didn't know any spells.
Your spell library was empty.

Dungeon Overview and Level Annotations

Branches:
Dungeon (2/15)

Altars:


Innate Abilities, Weirdness & Mutations

You are immune to sickness and miasma.
Your stone body is resilient. (AC +2)
You are immune to poison.
You resist negative energy. (rN+)
You are resistant to electric shocks. (rElec)
You are resistant to unholy torment.
You are immune to petrification.


Message History

You enter the shallow water.
Moving in this stuff is going to be slow.
Key pressed, stopping explore.
Done exploring.
Done exploring.
No target in view!
Done exploring.
Done exploring.
There is a stone staircase leading down here.
You climb downwards.
There is a stone staircase leading up here.
You open the door.
A bat comes into view. 3 gnolls come into view.
A gnoll is wielding a +2 halberd of flaming.
The gnoll shouts! x3
A gnoll comes into view.
It is wielding a +0 whip and quivering a throwing net.
You block the bat's attack.
There is an open door here.
You barely miss the bat. The bat hits you.
You barely miss the bat. The bat hits you but does no damage.
The bat hits you but does no damage. You block the bat's attack.
The gnoll hits you but does no damage.
You hit the gnoll.
The gnoll is moderately wounded.
The bat hits you but does no damage.
The gnoll throws a throwing net.
The throwing net hits you.
You become entangled in the net!
The gnoll hits you from afar with a +0 spear.
The gnoll hits you with a +0 halberd.
The gnoll hits you with a +2 halberd of flaming.
The gnoll burns you.
You struggle against the net.
The bat hits you but does no damage. The gnoll hits you but does no damage.
The gnoll hits you with a +0 halberd!
* * * LOW HITPOINT WARNING * * *
The gnoll hits you but does no damage.
You struggle against the net.
The bat hits you but does no damage. The gnoll hits you but does no damage.
The gnoll barely misses you. The gnoll hits you with a +0 halberd!
Ouch! That really hurt!
You die...

#.##.##.# ##..........#
###<##.##.####..#..###...
.......##......###.#
##...##########.#.##
....... ##.## ........#
#.# ........# ##'##
##...##.# ##...## #...#
.# #.g@..# ##... .
#..bgg..# #....g....#
+.........+ #.........#
##.......## ##.....##
##...##


You could see 4 gnolls and a bat.

Vanquished Creatures
  A dart slug (D:1)
  4 endoplasms (D:1)
  A giant cockroach (D:1)
  A goblin (D:1)
  3 quokkas (D:1)
  A ball python (D:1)
  2 bats (D:1)
  A frilled lizard (D:1)
  A kobold (D:1)
  2 rats (D:1)
17 creatures vanquished.

Notes
Turn   | Place    | Note
-------+----------+-------------------------------------------
     0 | D:1      | AdnanSaban the Gargoyle Fighter began the quest for the
                  | Orb.
     0 | D:1      | Reached XP level 1. HP: 14/14 MP: 1/1
    26 | D:1      | Found a faded altar of an unknown god.
   112 | D:1      | Reached XP level 2. HP: 19/19 MP: 2/2
   797 | D:2      | Mangled by a gnoll

Illustrated notes

Levels and vault maps discovered:
D:1:      psy_arrival_conway, layout_loops_cross,
          hellmonk_ecumenical_altar_lost_god, serial_forest,
          infiniplex_forest_clump_curved, infiniplex_forest_zigzag_2,
          infiniplex_forest_end_1, infiniplex_forest_corner_2,
          infiniplex_forest_clump_small, infiniplex_forest_clump_diagonal,
          infiniplex_forest_straight_2, chequers_mini_garden
D:2:      layout_loops_corners, basic_altar, uniq_jessica

Action                     || total
---------------------------++-------
  Melee: Flail             ||    45
 Armour: Scale mail        ||    42
  Dodge: Dodged            ||    15
  Block: Buckler           ||     8
